 Dungeon Crawl Stone Soup version 0.22.0-18-ge075c0de6d (webtiles) character file.

15398 GordonOverkill the Thaumaturge (level 12, -2/85 HPs)
             Began as an Octopode Wizard on Aug 19, 2018.
             Was an Elder of Kikubaaqudgha.
             Slain by a swamp worm (22 damage)
             ... on level 2 of the Lair of Beasts.
             The game lasted 00:58:35 (19296 turns).

GordonOverkill the Thaumaturge (Octopode Wizard)   Turns: 19296, Time: 00:58:35

Health: -2/85      AC:  2    Str:  7    XL:     12   Next: 26%
Magic:  24/26      EV: 13    Int: 28    God:    Kikubaaqudgha [****..]
Gold:   618        SH:  4    Dex: 11    Spells: 2/32 levels left

rFire    . . .     SeeInvis .   u - +2 spear (venom)
rCold    . . .     Gourm    .   q - +0 buckler
rNeg     . . .     Faith    .   a - +1 hat
rPois    +         Spirit   .   l - amulet of regeneration
rElec    .         Reflect  .   j - ring of poison resistance
rCorr    .         Harm     .   s - +4 ring of intelligence
MR       .....                  (no ring)
Stlth    ++++......             (no ring)
HPRegen  0.64/turn              (no ring)
MPRegen  0.20/turn              (no ring)
                                (no ring)
                                (no ring)

@: about to teleport
A: almost no armour, stealthy swim, amphibious, 8 rings, constrict 8, camouflage
1, gelatinous body 1
a: Receive Corpses, Renounce Religion


You were on level 2 of the Lair of Beasts.
You worshipped Kikubaaqudgha.
Kikubaaqudgha was greatly pleased with you.
You were not hungry.

You visited 3 branches of the dungeon, and saw 13 of its levels.
You also visited: Sewer.

You collected 618 gold pieces.

Inventory:

Hand Weapons
 e - the +3 long sword "Daddish" {flame, rN+ MR+ Str-4}
   (You found it on level 9 of the Dungeon)

   It has been specially enchanted to burn those struck by it, causing extra
   injury to most foes and up to half again as much damage against particularly
   susceptible opponents.
   Big, fiery blades are also staple armaments of hydra-hunters.
   It affects your strength (-4).
   It protects you from negative energy.
   It affects your resistance to hostile enchantments.
 t - a +2 flail of protection
 u - a +2 spear of venom (weapon)
Missiles
 z - a throwing net (quivered)
Armour
 a - a +1 hat (worn)
 q - a +0 buckler (worn)
Jewellery
 j - a ring of poison resistance (left tentacle)
 l - an amulet of regeneration (around mantle)
 s - a +4 ring of intelligence (right tentacle)
Wands
 g - a wand of acid (5)
 v - a wand of scattershot (7)
 x - a wand of iceblast (11)
 B - a wand of clouds (6)
Scrolls
 b - 3 scrolls of fog
 f - 4 scrolls of magic mapping
 m - 6 scrolls of remove curse
 o - 2 scrolls of amnesia
 w - a scroll of enchant weapon {unknown}
 A - a scroll of teleportation
Potions
 d - a potion of flight
 h - 2 potions of mutation
 i - a potion of berserk rage
 n - 2 potions of might
 p - 2 potions of magic
 r - a potion of brilliance
 D - a potion of haste
 E - 2 potions of heal wounds {unknown}
Comestibles
 c - 9 rations
 k - 3 chunks of flesh


   Skills:
 - Level 9.0 Fighting
 - Level 2.0 Dodging
 - Level 6.0 Stealth
 - Level 4.0 Shields
 + Level 10.8 Spellcasting
 - Level 3.4 Conjurations
 - Level 3.1 Summonings
 - Level 10.0 Necromancy
 - Level 1.0 Translocations
 + Level 4.9 Earth Magic


You had 2 spell levels left.
You knew the following spells:

 Your Spells              Type           Power        Failure   Level  Hunger
a - Magic Dart            Conj           ####         1%          1    None
b - Call Imp              Summ           ####....     1%          2    None
c - Blink                 Tloc           N/A          3%          2    None
d - Conjure Flame         Conj/Fire      ###.....     5%          3    None
e - Mephitic Cloud        Conj/Pois/Air  ###.....     7%          3    None
f - Vampiric Draining     Necr           ######....   1%          3    None
g - Borgnjor's Vile Clut  Necr/Erth      ######....   4%          5    ###....
h - Dispel Undead         Necr           ######..     1%          5    ###....
i - Death Channel         Necr           ######....   10%         6    #####..

Your spell library contained the following spells:

 Spells                   Type           Power        Failure   Level  Hunger
 Pain                     Necr           ####         1%          1    None
 Corpse Rot               Necr           N/A          1%          2    None
 Sublimation of Blood     Necr           ######....   1%          2    None
 Corona                   Hex            ###....      3%          1    None
 Slow                     Hex            ###.....     5%          2    None
 Agony                    Necr           ######..     1%          5    ###....
 Portal Projectile        Hex/Tloc       ###...       9%          3    None
 Inner Flame              Hex/Fire       ###.....     11%         3    None
 Leda's Liquefaction      Hex/Erth       ####......   13%         4    None
 Cause Fear               Hex            ###.......   36%         4    None
 Simulacrum               Ice/Necr       #####.....   58%         6    #####..


Dungeon Overview and Level Annotations

Branches:
Dungeon (10/15)            Temple (1/1) D:5            Lair (2/6) D:9
  Swamp: Lair:2-4    Shoals: Lair:2-4     Snake: Lair:2-4    Spider: Lair:2-4
    Orc: D:9-12

Altars:
Ashenzari
Dithmenos
Elyvilon
Fedhas
Gozag
Kikubaaqudgha
Makhleb
Nemelex Xobeh
Okawaru
Qazlal
Ru
Trog
Uskayaw
Vehumet
Xom
The Shining One

Shops:
D:6 }   D:7 [}   D:9 }*   D:10 ?

Annotations:
D:4 exclusion: phantom
D:10 exclusion: door


Innate Abilities, Weirdness & Mutations

You cannot wear most types of armour.
You are very stealthy in the water. (Stealth+)
You are amphibious.
You can wear up to eight rings at the same time.
You can use your tentacles to constrict eight enemies at once.
Your skin changes colour to match your surroundings (Stealth+).
Your rubbery body absorbs attacks. (AC +1, EV +1)


Message History

You are yanked forward by the harpoon shot.
Floosh!
The swamp worm throws harpoon shot at you.
The harpoon shot hits you!
You are yanked forward by the harpoon shot.
Floosh!
The swamp worm bites you but does no damage.
Casting: Borgnjor's Vile Clutch (safe; 4% risk of failure)
Confirm with . or Enter, or press ? or * to list all spells.
You blink. 2 bog bodies come into view.
The bog body misses you.
The bog body touches you but does no damage.
As you read the scroll of teleportation, it crumbles to dust.
You feel strangely unstable. The bog body hits you! The bog body touches you.
The bog body freezes you!
* * * LOW HITPOINT WARNING * * *
The swamp worm bites you!!
You die...
Kikubaaqudgha rasps: "You have failed me!
Welcome... death!"

###.....### .##
#....$.# #. ..
#..⌠⌠..# . .##
#.♣..♣.## .#..#
♣..♣..###...#
♣♣..♣♣.#....###
♣≈.♣≈♣.....##.###.#
♣n..≈♣..P.........#
♣≈@w≈♣.....##...###
♣≈..≈♣...########
♣≈..≈♣♣#.## ♣≈..♣♣
#..## ♣≈..n ♣#.#.#
♣n..≈♣♣...###
♣≈♣.≈♣♣#.##.#### ##
♣≈ .≈♣♣....#.#.###.
♣♣#..P..#.#..


You could see 3 bog bodies and a swamp worm.

Vanquished Creatures
  Erolcha (D:9)
  A catoblepas (D:10)
  A centaur warrior (D:10)
  Erica (D:8)
  A two-headed ogre (D:10)
  A deep elf mage (D:10)
  A centaur zombie (D:10)
  Maurice (D:8)
  2 spiny frogs (Lair:2)
  A komodo dragon (D:9)
  A troll (D:10)
  4 blink frogs (Lair:2)
  A wyvern (D:9)
  15 yaks
  A basilisk (D:9)
  A hungry ghost (D:9)
  Grum (D:8)
  Menkaure (D:5)
  Edmund (D:6)
  An acid dragon (D:10)
  A porcupine (Lair:1)
  2 water moccasins
  A swamp drake (D:9)
  2 black bears
  4 orc warriors
  An ice beast (D:7)
  2 sky beasts
  3 necrophages (D:9)
  A phantom (D:7)
  2 ogres
  9 crocodiles
  8 wolves
  5 centaurs
  4 big kobolds
  A wyvern zombie (D:9)
  A water moccasin zombie (D:9)
  A bullfrog (D:7)
  5 scorpions
  2 wights (D:9)
  3 crimson imps
  4 bullfrog zombies
  A hound (D:8)
  4 orc priests
  3 bullfrog skeletons
  4 iguanas
  8 worker ants
  7 orc wizards
  A killer bee zombie (D:7)
  A hound zombie (D:6)
  A hound skeleton (D:6)
  A howler monkey zombie (D:6)
  A river rat (Sewer)
  6 adders
  A shadow imp (D:10)
  2 oozes (Sewer)
  3 adder skeletons
  5 worms
  A dart slug (D:2)
  4 leopard geckos
  20 orcs
  5 ball pythons
  6 giant cockroaches
  3 goblins
  8 hobgoblins
  7 jackals
  12 kobolds
  3 quokkas
  3 bats
  5 frilled lizards
  9 rats
235 creatures vanquished.

Vanquished Creatures (collateral kills)
  Psyche (D:8)
  Prince Ribbit (D:5)
  Sigmund (D:2)
  A water moccasin (Lair:2)
  A porcupine (Lair:1)
  3 sky beasts
  2 ogres
  2 centaurs
  2 phantoms
  3 bullfrogs
  A centaur zombie (D:7)
  2 orc wizards
  A bullfrog skeleton (D:5)
  Terence (D:1)
  A hound zombie (D:6)
  4 gnolls
  5 adders
  2 oozes
  An adder skeleton (D:4)
  4 worms
  3 leopard geckos
  7 orcs
  2 ball pythons
  A bat (D:3)
  4 giant cockroaches
  3 goblins (D:3)
  4 hobgoblins
  A jackal (D:8)
  A quokka (D:2)
  2 frilled lizards
  6 kobolds
  5 rats
  A butterfly (D:5)
79 creatures vanquished.

Vanquished Creatures (others)
  2 fungi (Lair:2)
2 creatures vanquished.

Grand Total: 316 creatures vanquished

Notes
Turn   | Place    | Note
-------+----------+-------------------------------------------
     0 | D:1      | GordonOverkill the Octopode Wizard began the quest for the Orb.
     0 | D:1      | Reached XP level 1. HP: 11/11 MP: 4/4
   338 | D:1      | Reached XP level 2. HP: 18/18 MP: 4/6
   619 | D:1      | Learned a level 2 spell: Call Imp
   622 | D:1      | Learned a level 2 spell: Blink
  1270 | D:2      | Reached XP level 3. HP: 22/22 MP: 2/7
  1271 | D:2      | Noticed Terence
  1274 | D:2      | Reached skill level 1 in Fighting
  1488 | D:1      | Killed Terence
  1763 | D:2      | Reached XP level 4. HP: 28/28 MP: 1/9
  2650 | D:2      | Noticed Sigmund
  2894 | D:2      | Killed Sigmund
  2894 | D:2      | Reached XP level 5. HP: 25/34 MP: 0/10
  3505 | D:3      | Found a hide-covered altar of Uskayaw.
  4122 | D:4      | Found a burning altar of Makhleb.
  4134 | D:4      | Reached XP level 6. HP: 35/39 MP: 4/11
  4198 | D:4      | Found a sacrificial altar of Ru.
  4383 | D:4      | Found a blossoming altar of Fedhas.
  4410 | D:4      | Found a stormy altar of Qazlal.
  4410 | D:4      | Noticed a phantom
  4444 | D:4      | Reached skill level 1 in Shields
  4961 | D:4      | Learned a level 3 spell: Conjure Flame
  4965 | D:4      | Learned a level 3 spell: Mephitic Cloud
  5545 | D:4      | Found an opulent altar of Gozag.
  5546 | D:4      | Found a sparkling altar of Nemelex Xobeh.
  5764 | D:5      | Entered Level 5 of the Dungeon
  5764 | D:5      | Noticed Prince Ribbit
  5829 | D:5      | Killed Prince Ribbit
  5829 | D:5      | Reached XP level 7. HP: 21/45 MP: 2/13
  5858 | D:5      | Found a staircase to the Ecumenical Temple.
  5864 | D:5      | Noticed Menkaure
  5869 | Temple   | Entered the Ecumenical Temple
  6017 | Temple   | Became a worshipper of Kikubaaqudgha
  6066 | D:5      | Killed Menkaure
  6926 | D:6      | Found a glowing drain.
  6987 | Sewer    | Entered a sewer
  7015 | Sewer    | Reached * piety under Kikubaaqudgha
  7015 | Sewer    | Identified Kikubaaqudgha's Catalogue of Dark Magic (Kikubaaqudgha gifted it to you in a sewer)
  7015 | Sewer    | Received a gift from Kikubaaqudgha
  7066 | Sewer    | Learned a level 3 spell: Vampiric Draining
  7155 | Sewer    | Reached skill level 5 in Spellcasting
  7155 | Sewer    | Reached XP level 8. HP: 45/51 MP: 9/15
  7523 | Sewer    | Reached skill level 1 in Necromancy
  7619 | Sewer    | Reached skill level 5 in Stealth
  7808 | D:6      | Noticed Edmund
  7821 | D:6      | Killed Edmund
  8108 | D:6      | Reached ** piety under Kikubaaqudgha
  8549 | D:6      | Found Fapn's Gadget Shoppe.
  8823 | D:7      | Reached XP level 9. HP: 49/59 MP: 10/18
  9230 | D:7      | Found Qaesaqo's Antique Armour Shop.
  9324 | D:7      | Reached skill level 5 in Fighting
  9524 | D:7      | Found Sowiutic's Gadget Shop.
  9659 | D:7      | Found a bloodstained altar of Trog.
  9659 | D:7      | Found an iron altar of Okawaru.
  9847 | D:8      | Noticed Psyche
  9853 | D:8      | Killed Psyche
  9853 | D:8      | Reached skill level 5 in Necromancy
 10236 | D:8      | Noticed Grum
 10398 | D:8      | Noticed Maurice
 10571 | D:8      | Reached *** piety under Kikubaaqudgha
 10571 | D:8      | Identified Kikubaaqudgha's Almanac of Unholy Rites (Kikubaaqudgha gifted it to you on level 8 of the Dungeon)
 10571 | D:8      | Received a gift from Kikubaaqudgha
 10582 | D:8      | Killed Maurice
 10582 | D:8      | Reached XP level 10. HP: 62/66 MP: 16/22
 10794 | D:8      | Found a blossoming altar of Fedhas.
 10944 | D:8      | Killed Grum
 11672 | D:9      | Found a shadowy altar of Dithmenos.
 11812 | D:9      | Learned a level 5 spell: Borgnjor's Vile Clutch
 11818 | D:9      | Learned a level 5 spell: Dispel Undead
 12036 | D:9      | Noticed Erolcha
 12833 | D:9      | Found a staircase to the Lair.
 12974 | D:9      | Found Xitaahan's Changing Room.
 12976 | D:9      | Noticed Erica
 12998 | D:8      | HP: 2/68 [something (3)]
 13002 | D:8      | Killed Erica
 13463 | D:8      | Found a blossoming altar of Fedhas.
 13794 | D:9      | Reached **** piety under Kikubaaqudgha
 13904 | D:9      | Killed Erolcha
 13904 | D:9      | Reached XP level 11. HP: 74/74 MP: 11/24
 13929 | D:9      | Got a steaming long sword
 13931 | D:9      | Identified the +3 long sword "Daddish" {flame, rN+ MR+ Str-4} (You found it on level 9 of the Dungeon)
 14097 | D:9      | Found Milaote's Gadget Boutique.
 14188 | D:10     | Entered Level 10 of the Dungeon
 14519 | D:10     | Found a radiant altar of Vehumet.
 14819 | D:10     | Reached skill level 10 in Necromancy
 14967 | D:10     | Found Dinik's Magic Scroll Emporium.
 15128 | D:10     | Noticed a centaur warrior
 15148 | D:10     | Killed a centaur warrior
 15154 | D:10     | HP: 1/75 [something (6)]
 15164 | D:10     | HP: 1/75 [sky beast (6)]
 15519 | D:10     | Reached skill level 1 in Earth Magic
 15645 | D:9      | Reached skill level 10 in Spellcasting
 15944 | D:10     | Noticed a catoblepas
 16082 | D:10     | Killed a catoblepas
 16255 | D:10     | Noticed a two-headed ogre
 16296 | D:10     | Killed a two-headed ogre
 16711 | D:10     | Noticed a deep elf mage
 16718 | D:10     | Killed a deep elf mage
 16810 | D:10     | Noticed a cyclops
 17088 | D:10     | Noticed a fire giant
 17311 | Lair:1   | Entered Level 1 of the Lair of Beasts
 17439 | Lair:1   | Learned a level 6 spell: Death Channel
 17552 | Lair:1   | Got a crystal long sword
 17595 | Lair:1   | Identified the +4 long sword of Yclodadgh {flame, *Noise +Rage rF- Str+9} (You found it on level 1 of the Lair of Beasts)
 17729 | Lair:1   | Reached XP level 12. HP: 84/84 MP: 13/26
 19296 | Lair:2   | Slain by a swamp worm

Skill      XL: |  1  2  3  4  5  6  7  8  9 10 11 12 |
---------------+-------------------------------------+-----
Stealth        | 3 4 6 |  6.0
Fighting       | 1 2 4 5 6 8 9 |  9.0
Conjurations   | 2 3 |  3.4
Shields        | 2 4 |  4.0
Summonings     | 3 |  3.1
Spellcasting   | 4 5 6 8 9 10 | 10.8
Necromancy     | 3 6 9 10 | 10.0
Earth Magic    | 3 4 |  4.9
Dodging        | |  2.0
Translocations | |  1.0

Action                   |  1- 3 |  4- 6 |  7- 9 | 10-12 || total
-------------------------+-------+-------+-------+-------++-------
Melee: Unarmed           |    25 |       |       |       ||    25
       Constrict         |    18 |    23 |    55 |    17 ||   113
       Tentacles         |     4 |    19 |    44 |    26 ||    93
       Club              |    29 |       |       |       ||    29
       Dagger            |    14 |    90 |     7 |       ||   111
       Spear             |       |       |   282 |   283 ||   565
 Cast: Magic Dart        |    20 |     7 |     6 |    50 ||    83
       Call Imp          |    13 |    97 |   151 |    68 ||   329
       Mephitic Cloud    |       |     1 |     2 |     5 ||     8
       Vampiric Draining |       |       |     9 |       ||     9
       Blink             |       |       |     2 |     1 ||     3
       Borgnjor's Vile C |       |       |       |    85 ||    85
  Use: Potion            |       |     2 |     2 |     6 ||    10
       Scroll            |       |     3 |    15 |    11 ||    29
 Stab: Sleeping          |     3 |     5 |     7 |     4 ||    19
       Distracted        |     1 |       |     4 |     1 ||     6
       Confused          |       |       |     1 |     3 ||     4
  Eat: Chunk             |     3 |    10 |    13 |    14 ||    40
       Ration            |       |     2 |       |    10 ||    12
Armor: Skin              |     1 |    14 |    23 |    16 ||    54
Dodge: Dodged            |    60 |    86 |   160 |   121 ||   427
Block: Buckler           |       |     5 |    60 |    43 ||   108
